 Dungeon Crawl Stone Soup version 0.18.1-48-g4cf74bf (webtiles) character file.

814 MovingMist the Shield-Bearer (level 7, -3/43 HPs)
             Began as a Gargoyle Fighter on Aug 23, 2016.
             Slain by an ogre
             ... wielding a cursed -3 giant club
              (11 damage)
             ... on level 5 of the Dungeon.
             The game lasted 00:13:56 (3722 turns).

MovingMist the Shield-Bearer (Gargoyle Fighter)     Turns: 3722, Time: 00:13:56

Health: -3/43      AC: 16    Str: 20    XL:     7   Next: 93%
Magic:  7/7        EV:  8    Int:  9    God:
Gold:   227        SH: 11    Dex: 10    Spells: 0 memorised, 6 levels left

rFire  . . .     SeeInvis .     a - +1 flail
rCold  . . .     Gourm    .     b - +0 scale mail
rNeg   + . .     Faith    .     c - +1 shield
rPois  ∞         Spirit   .     o - +0 helmet
rElec  +         Dismiss  .     w - +0 cloak
rCorr  .         Reflect  .     i - +0 pair of gloves
SustAt .         Harm     .     (no boots)
MR     .....                    (no amulet)
Stlth  ..........               (no ring)
                                g - ring of wizardry

@: not resistant to hostile enchantments, extremely unstealthy
A: negative energy resistance 1, electricity resistance, unbreathing,
petrification resistance, rot immunity, AC +4
a: no special abilities


You were on level 5 of the Dungeon.
You were not hungry.

You visited 1 branch of the dungeon, and saw 5 of its levels.

You collected 227 gold pieces.

Inventory:

Hand Weapons
 a - a +1 flail (weapon)
Armour
 b - a +0 scale mail (worn)
 c - a +1 shield (worn)
 i - a +0 pair of gloves (worn)
 o - a +0 helmet (worn)
 w - a +0 cloak (worn)
Jewellery
 g - a ring of wizardry (left hand)
 h - an uncursed amulet of faith
Wands
 e - a wand of random effects (33/48)
Scrolls
 j - 3 scrolls of teleportation
 k - 4 scrolls of enchant weapon
 l - 2 scrolls of amnesia
 p - 2 scrolls of blinking {unknown}
 r - a scroll of remove curse {unknown}
 v - a scroll of recharging {unknown}
 x - a scroll of acquirement {unknown}
Potions
 d - a potion of lignification {unknown}
 m - 2 potions of heal wounds {unknown}
 q - a potion of haste
 t - a potion of curing
 u - 3 potions of ambrosia {unknown}
Books
 s - a book of Changes

   Spells                             Type                      Level
   a - Beastly Appendage              Transmutation                1
   b - Sticks to Snakes               Transmutation                2
   c - Spider Form                    Transmutation/Poison         3
   d - Ice Form                       Ice/Transmutation            4
   e - Blade Hands                    Transmutation                5
Comestibles
 f - 3 bread rations
 n - 2 meat rations
 z - a chunk of flesh
 A - a slice of pizza


   Skills:
 - Level 4.0 Fighting
 + Level 5.1 Maces & Flails
 + Level 6.1 Armour
 + Level 6.2 Shields


You had 6 spell levels left.
You didn't know any spells.

Dungeon Overview and Level Annotations

Branches:
Dungeon (5/15)
 Temple: D:4-7

Altars:
Elyvilon
Kikubaaqudgha
Pakellas
Sif Muna


Innate Abilities, Weirdness & Mutations

You are resistant to torment.
Your stone body is resilient (AC +4).
You are immune to poison.
You resist negative energy.
You are resistant to electric shocks.
You can survive without breathing.
You are immune to petrification.
You are immune to rotting.


Message History

You sock the ogre!
The ogre is moderately wounded.
The crimson imp blinks!
The ogre barely misses you.
The crimson imp laughs crazily.
The giant gecko barely misses you.
You closely miss the giant gecko. The giant gecko barely misses you.
You thump the giant gecko!
You kill the giant gecko!
The crimson imp blinks!
You closely miss the ogre.
The ogre is moderately wounded.
The ogre hits you with a giant club!
* * * LOW HITPOINT WARNING * * *
Your shield and scale mail prevent you from hitting the ogre.
The ogre is moderately wounded.
The ogre barely misses you.
You hit the ogre.
The ogre is heavily wounded.
The ogre hits you with a giant club!
You die...

####.#.#.# #...........
...#.....# #...........
.........# #..........#
.........# #..........#
.........# #### #..........#
.........# ..# #5.........#
##.###.### # #.# #..........#
#.# #.# #.##.###...........
#.###.#####....@O....5.#.####
#.........####.#######.# #
######.###..###.###### .#
.......# #...........# .#
######## #.####.####.# .# #.#
#<# .# #.# ### ###


You could see an ogre and a crimson imp.

Vanquished Creatures
  Sigmund (D:4)
  Duvessa (D:4)
  An ogre (D:3)
  Blork the orc (D:4)
  Dowan (D:4)
  A hound (D:5)
  A giant frog skeleton (D:4)
  2 worker ants (D:4)
  A hound zombie (D:5)
  4 gnolls
  10 adders
  2 oozes
  An adder skeleton (D:4)
  2 worms
  A dart slug (D:1)
  4 giant geckos
  3 orcs (D:4)
  2 ball pythons
  9 bats
  3 bat zombies (D:4)
  6 giant cockroaches
  10 goblins
  6 hobgoblins
  2 quokkas
  5 giant newts
  6 kobolds
  6 rats
  A rat zombie (D:4)
93 creatures vanquished.

Notes
Turn   | Place    | Note
--------------------------------------------------------------
     0 | D:1      | MovingMist the Gargoyle Fighter began the quest for the Orb.
     0 | D:1      | Reached XP level 1. HP: 14/14 MP: 1/1
   117 | D:1      | Reached XP level 2. HP: 12/19 MP: 2/2
   278 | D:1      | Reached XP level 3. HP: 23/23 MP: 3/3
  1053 | D:2      | Reached XP level 4. HP: 25/29 MP: 4/4
  1456 | D:3      | Found a white marble altar of Elyvilon.
  1660 | D:3      | Found a deep blue altar of Sif Muna.
  1682 | D:3      | Reached XP level 5. HP: 33/33 MP: 5/5
  1966 | D:3      | Found an oddly glowing altar of Pakellas.
  2208 | D:4      | Noticed Sigmund
  2275 | D:4      | Reached XP level 6. HP: 11/38 MP: 6/6
  2280 | D:4      | Killed Sigmund
  2280 | D:4      | Reached skill level 5 in Armour
  2280 | D:4      | Reached skill level 5 in Shields
  2325 | D:4      | Noticed Duvessa
  2325 | D:4      | Noticed Dowan
  2533 | D:4      | Killed Duvessa
  2533 | D:4      | Reached XP level 7. HP: 30/43 MP: 7/7
  2547 | D:4      | Killed Dowan
  2804 | D:4      | Noticed Blork the orc
  2820 | D:4      | Killed Blork the orc
  3239 | D:4      | Found an ancient bone altar of Kikubaaqudgha.
  3278 | D:5      | Entered Level 5 of the Dungeon
  3334 | D:5      | Reached skill level 5 in Maces & Flails
  3722 | D:5      | Slain by an ogre

Skill      XL: |  1  2  3  4  5  6  7 |
---------------+----------------------+-----
Shields        | 4 5 6 |  6.2
Fighting       | 4 |  4.0
Armour         | 4 5 6 |  6.1
Maces & Flails | 3 4 5 |  5.1

Action                   |  1- 3 |  4- 6 |  7- 9 || total
-------------------------+-------+-------+-------++-------
Melee: Flail             |   116 |   153 |   135 ||   404
  Use: Scroll            |     6 |     1 |     1 ||     8
       Potion            |       |     3 |     1 ||     4
  Eat: Chunk             |     1 |     5 |     4 ||    10
Armor: Scale mail        |    50 |    98 |    58 ||   206
Dodge: Dodged            |    34 |    52 |    39 ||   125
Block: Shield            |    72 |    94 |   106 ||   272
